 Dungeon Crawl Stone Soup version 0.27-a0-797-g27d10ad80f (webtiles) character file.

Game seed: 1172748522251880332

14 polve the Skirmisher (level 2, -5/24 HPs)
             Began as a Demonspawn Abyssal Knight on Mar 27, 2021.
             Was a Follower of Lugonu.
             Slain by a hobgoblin (6 damage)
             ... on level 1 of the Dungeon.
             The game lasted 00:00:27 (985 turns).

polve the Skirmisher (Demonspawn Abyssal Knight)     Turns: 985, Time: 00:00:27

Health: -5/24      AC:  3    Str: 12    XL:     2   Next: 31%
Magic:  3/3        EV: 11    Int: 13    God:    Lugonu [*.....]
Gold:   32         SH:  0    Dex: 12    Spells: 1/1 levels left

rFire    . . .     SeeInvis .   a - +1 falchion
rCold    . . .     Faith    .   (no shield)
rNeg     . . .     Spirit   .   b - +0 leather armour
rPois    .         Reflect  .   (no helmet)
rElec    .         Harm     .   (no cloak)
rCorr    .         Rampage  .   (no gloves)
Will     .....                  (no boots)
Stlth    +.........             (no amulet)
HPRegen  0.08/turn              (no ring)
MPRegen  0.08/turn              (no ring)

@: no status effects
A: demonic magic 1
a: Renounce Religion, Depart the Abyss


You were on level 1 of the Dungeon.
You worshipped Lugonu.
Lugonu was aware of your devotion.
You visited 1 branch of the dungeon, and saw 1 of its levels.
You visited the Abyss 1 time.

You collected 32 gold pieces.

Inventory:

Hand Weapons
 a - a +1 falchion (weapon)
Armour
 b - a +0 leather armour (worn)
Scrolls
 c - a scroll of teleportation {unknown}
 d - a scroll of enchant weapon {unknown}
Potions
 e - a potion of lignification {unknown}
 f - a potion of haste {unknown}


   Skills:
 - Level 3.0 Fighting
 + Level 2.7 Long Blades
 - Level 1.7 Armour
 - Level 0.8 Dodging
 - Level 2.4 Invocations


You had one spell level left.
You didn't know any spells.
Your spell library was empty.

Dungeon Overview and Level Annotations

Branches:
Dungeon (1/15)

Altars:


Innate Abilities, Weirdness & Mutations

Spells you cast may paralyse adjacent enemies.


Message History

There are monsters nearby!
There are monsters nearby!
The hobgoblin closely misses you.
There is an open door here.
You hit the hobgoblin.
The hobgoblin is heavily wounded.
The hobgoblin barely misses you.
You barely miss the hobgoblin.
The hobgoblin is heavily wounded.
The hobgoblin completely misses you.
You hit the hobgoblin.
You kill the hobgoblin!
Lugonu accepts your kill.
You can now depart the Abyss.
You hit the endoplasm.
You kill the endoplasm!
Lugonu accepts your kill.
You swing at nothing.
You swing at nothing.
The hobgoblin barely misses you.
You swing at nothing.
The hobgoblin closely misses you.
You riposte.
You hit the hobgoblin.
The hobgoblin is heavily wounded.
You swing at nothing.
The hobgoblin closely misses you.
You swing at nothing.
The hobgoblin hits you but does no damage.
You swing at nothing.
The hobgoblin hits you.
You swing at nothing.
The hobgoblin hits you.
You swing at nothing.
The hobgoblin hits you!
* * * LOW HITPOINT WARNING * * *
The hobgoblin hits you.
* * * LOW HITPOINT WARNING * * *
You swing at nothing.
The hobgoblin hits you but does no damage.
You swing at nothing.
The hobgoblin hits you.
* * * LOW HITPOINT WARNING * * *
You swing at nothing.
The hobgoblin hits you.
* * * LOW HITPOINT WARNING * * *
You swing at nothing.
The hobgoblin hits you.
* * * LOW HITPOINT WARNING * * *
You swing at nothing.
The hobgoblin hits you.
You die...

.......†....##...#...###..####
............########..###..#i#
............#### ##......###
...............# #.........
............##.# #........#
.....#.[.....#.# #......#.#
.......##+##...# ########.#
(.....# ...##g.# #####.# .##.
#g.#@## #.....# # #?#.#.#
#...... #.J'.# #...... #)#.#.#
#####.. #$.#.# #.. ...##.# ###
##+# ..# # .## #


You could see a hobgoblin.

Vanquished Creatures
  A ball python (D:1)
  2 endoplasms (D:1)
  A goblin (D:1)
  2 hobgoblins (D:1)
  A kobold (D:1)
  2 quokkas (D:1)
  A bat (D:1)
  2 rats (D:1)
12 creatures vanquished.

Notes
Turn   | Place    | Note
-------+----------+-------------------------------------------
     0 | Abyss:1  | polve the Demonspawn Abyssal Knight began the quest for the
                  | Orb.
     0 | Abyss:1  | Reached XP level 1. HP: 18/18 MP: 2/2
    71 | Abyss:1  | Noticed a hellion
    77 | D:1      | Escaped the Abyss
    77 | D:1      | Noticed a vampire
    77 | D:1      | Noticed a ghoul
   270 | D:1      | Noticed a centaur
   270 | D:1      | Noticed a gargoyle
   272 | D:1      | Noticed an elf
   278 | D:1      | Noticed a felid
   278 | D:1      | Noticed a minotaur
   280 | D:1      | Noticed an ogre
   282 | D:1      | Noticed a naga
   282 | D:1      | Noticed an elf
   284 | D:1      | Noticed a minotaur
   286 | D:1      | Noticed a formicid
   288 | D:1      | Noticed a spriggan
   866 | D:1      | Gained mutation: Spells you cast may paralyse adjacent
                  | enemies. [demonic ancestry]
   866 | D:1      | Reached XP level 2. HP: 24/24 MP: 3/3
   971 | D:1      | Reached * piety under Lugonu
   983 | D:1      | HP: 1/24 [hobgoblin (4)]
   985 | D:1      | Slain by a hobgoblin

Illustrated notes

Levels and vault maps discovered:
D:1:      shiori_arrival_whats_in_store_for_you, layout_basic,
          minmay_box_of_dots

Skill      XL: |  1 |
---------------+----+-----
Long Blades    | 2 |  2.7
Fighting       | |  3.0
Armour         | |  1.7
Dodging        | |  0.8
Invocations    | |  2.4

Action                   || total
-------------------------++-------
Melee: Falchion          ||    30
Invok: Depart the Abyss  ||     1
 Stab: Sleeping          ||     1
Armor: Leather armour    ||    10
Dodge: Dodged            ||    16
       Rpst.: Falchion   ||     2

Table legend: (Time is in decaauts)
 A = Elapsed time spent in this place.
 B = Non-inter-level travel time spent in this place.
 C = Inter-level travel time spent in this place.
 D = Time resting spent in this place.
 E = Time spent auto-exploring this place.
 F = Levels seen in this place.
 G = Mean time per level.
                   A        B        C        D        E       F      G
               +--------+--------+--------+--------+--------+-----+--------+
         Total |    992 |    992 |      0 |      0 |    896 |   2 |  496.0 |
       Dungeon |    915 |    915 |      0 |      0 |    826 |   1 |  915.0 |
         Abyss |     77 |     77 |      0 |      0 |     70 |   1 |   77.0 |
               +--------+--------+--------+--------+--------+-----+--------+

Top non-repeatable levels by time:
     D:1: 915 daAuts
 Abyss:1: 77 daAuts
